 Dungeon Crawl Stone Soup version 0.22.1-1-ga44c0e5 (webtiles) character file.

236 topirishpotato the Sneak (level 6, -1/42 HPs)
             Began as an Octopode Transmuter on Sept 27, 2018.
             Slain by a leopard gecko skeleton (3 damage)
             ... on level 4 of the Dungeon.
             The game lasted 00:07:36 (3750 turns).

topirishpotato the Sneak (Octopode Transmuter)      Turns: 3750, Time: 00:07:37

Health: -1/42      AC:  1    Str: 11    XL:     6   Next: 6%
Magic:  9/9        EV: 13    Int: 15    God:
Gold:   108        SH:  0    Dex: 13    Spells: 8/9 levels left

rFire    . . .     SeeInvis .     - Unarmed
rCold    . . .     Gourm    .   (no shield)
rNeg     . . .     Faith    .   (helmet restricted)
rPois    .         Spirit   .   k - amulet of magic regeneration
rElec    .         Reflect  .   j - ring of flight
rCorr    .         Harm     .   (no ring)
MR       .....                  (no ring)
Stlth    ++++......             (no ring)
HPRegen  0.14/turn              (no ring)
MPRegen  0.36/turn              (no ring)
                                (no ring)
                                (no ring)

@: no status effects
A: almost no armour, stealthy swim, amphibious, 8 rings, constrict 8, camouflage
1, gelatinous body 1
a: Evoke Flight


You were on level 4 of the Dungeon.
You were very hungry.

You visited 1 branch of the dungeon, and saw 4 of its levels.

You collected 108 gold pieces.

Inventory:

Missiles
 a - 12 arrows
 i - 35 poisoned needles
Jewellery
 j - a ring of flight (left tentacle)
 k - an amulet of magic regeneration (around mantle)
Wands
 q - a wand of random effects (21)
Scrolls
 b - a scroll of remove curse
 d - 2 scrolls of identify
 f - 3 scrolls of immolation {unknown}
 l - a scroll of fear {unknown}
 p - a scroll of enchant armour {unknown}
Potions
 e - a potion of agility
 g - a potion of heal wounds
 h - a potion of resistance
 m - a potion of might
 n - 2 potions of ambrosia
 o - a potion of curing {unknown}
Comestibles
 c - 8 rations


   Skills:
 + Level 3.0 Fighting
 - Level 2.0 Dodging
 - Level 7.0 Stealth
 - Level 3.0 Unarmed Combat
 - Level 2.0 Spellcasting
 - Level 2.0 Transmutations


You had 8 spell levels left.
You knew the following spells:

 Your Spells              Type           Power        Failure   Level  Hunger
a - Beastly Appendage     Tmut           #.....       10%         1    #......

Your spell library contained the following spells:

 Spells                   Type           Power        Failure   Level  Hunger
 Sticks to Snakes         Tmut           #.......     14%         2    ###....
 Spider Form              Tmut/Pois      #.........   41%         3    ###....
 Ice Form                 Ice/Tmut       #.......     82%         4    #####..
 Blade Hands              Tmut           #.........   95%         5    ######.


Dungeon Overview and Level Annotations

Branches:
Dungeon (4/15)
 Temple: D:4-7

Altars:


Innate Abilities, Weirdness & Mutations

You cannot wear most types of armour.
You are very stealthy in the water. (Stealth+)
You are amphibious.
You can wear up to eight rings at the same time.
You can use your tentacles to constrict eight enemies at once.
Your skin changes colour to match your surroundings (Stealth+).
Your rubbery body absorbs attacks. (AC +1, EV +1)


Message History

You have reached level 6!
Your experience leads to an increase in your attributes!
Increase (S)trength, (I)ntelligence, or (D)exterity?
You feel stronger. The hound barely misses you.
You tentacle-slap the hound. You grab the hound.
You squeeze the hound, but do no damage.
The hound is moderately wounded.
You constrict the hound. The hound closely misses you. The hound bites you.
* * * LOW HITPOINT WARNING * * *
You tentacle-slap the hound.
The hound is heavily wounded.
You constrict the hound, but do no damage.
The hound completely misses you.
You tentacle-slap the hound but do no damage.
The hound is heavily wounded.
You constrict the hound. The hound bites you.
* * * LOW HITPOINT WARNING * * *
The leopard gecko skeleton bites you.
You die...

.......#.........#
.......#....##.#.###
..
.......#.#.#...#...#
##
......>..#.#.###.#.#
.. ........##.#..
#.#.# ..
...........###.#.#.#
..
.............#.#.#.#
#. ###..........#
..#.# # #...h@.....#
###.# # #....Z.....#
#<..# #
.............# #####
# .............#
.............#
.............#
###..........#
...........#


You could see a hound and a leopard gecko skeleton.

Vanquished Creatures
  A howler monkey (D:4)
  An iguana (D:4)
  Robin (D:2)
  A gnoll (D:3)
  4 adders
  An ooze (D:3)
  2 worms (D:2)
  A dart slug (D:1)
  4 leopard geckos
  8 orcs (D:3)
  9 bats
  A giant cockroach (D:3)
  11 hobgoblins
  2 quokkas
  7 frilled lizards
  20 goblins
  9 kobolds
  7 rats
90 creatures vanquished.

Notes
Turn   | Place    | Note
-------+----------+-------------------------------------------
     0 | D:1      | topirishpotato the Octopode Transmuter began the quest for
                  | the Orb.
     0 | D:1      | Reached XP level 1. HP: 13/13 MP: 3/3
    29 | D:1      | Reached skill level 1 in Stealth
   239 | D:1      | Reached skill level 2 in Stealth
   297 | D:1      | Reached XP level 2. HP: 13/18 MP: 5/5
   621 | D:1      | Reached skill level 3 in Stealth
   859 | D:1      | Reached XP level 3. HP: 20/23 MP: 6/6
   913 | D:1      | Reached skill level 4 in Stealth
  1712 | D:2      | Noticed Robin
  1717 | D:2      | Reached skill level 5 in Stealth
  1730 | D:2      | Reached XP level 4. HP: 25/28 MP: 5/7
  2301 | D:2      | Killed Robin
  2342 | D:2      | Reached skill level 6 in Stealth
  2611 | D:3      | Reached XP level 5. HP: 27/33 MP: 8/8
  2925 | D:3      | Reached skill level 7 in Stealth
  3747 | D:4      | Reached XP level 6. HP: 9/42 MP: 9/9
  3750 | D:4      | HP: 2/42 [hound (6)]
  3750 | D:4      | Slain by a leopard gecko skeleton

Skill      XL: |  1  2  3  4  5 |
---------------+----------------+-----
Stealth        | 2 3 5 6 7 |  7.0
Fighting       | 3 |  3.0
Dodging        | |  2.0
Unarmed Combat | |  3.0
Spellcasting   | |  2.0
Transmutations | |  2.0

Action                   |  1- 3 |  4- 6 || total
-------------------------+-------+-------++-------
Melee: Unarmed           |    87 |   117 ||   204
       Constrict         |    22 |    34 ||    56
       Tentacles         |    13 |    24 ||    37
       Kick              |     1 |    10 ||    11
       Punch             |     1 |     3 ||     4
 Cast: Beastly Appendage |     1 |     5 ||     6
  Use: Scroll            |       |     6 ||     6
 Stab: Sleeping          |    13 |    11 ||    24
       Distracted        |     1 |     1 ||     2
  Eat: Chunk             |     2 |     6 ||     8
Armor: Skin              |     8 |     6 ||    14
Dodge: Dodged            |    67 |    62 ||   129
